 Dungeon Crawl Stone Soup version 0.31-a0-177-g4aa6249778 (webtiles) character file.

Game seed: 11649428118435061573

641 qw the Chopper (level 7, -10/43 HPs)
             Began as a Gargoyle Fighter on June 18, 2023.
             Mangled by Robin
             ... wielding a +0 spear of distortion
              (14 damage)
             ... on level 3 of the Dungeon.
             The game lasted 00:01:01 (2362 turns).

qw the Chopper (Gargoyle Fighter)                   Turns: 2362, Time: 00:01:02

Health: -10/43     AC: 12    Str: 21    XL:     7   Next: 51%
Magic:  7/7        EV: 10    Int:  9    God:
Gold:   8          SH:  4    Dex:  9    Spells: 6/6 levels left

rFire   . . .        Y - +1 war axe (elec)
rCold   . . .        c - +0 buckler
rNeg    + . .        b - +0 scale mail
rPois   inf          (no helmet)
rElec   +            m - +0 cloak
rCorr   .            (no gloves)
SInv    +            (no boots)
Will    .....        (no amulet) Stlth
                     e - ring of see invisible
HPRegen 0.27/turn    (no ring)
MPRegen 0.10/turn

%: no passive effects
@: no status effects
A: sickness immunity, AC +4, negative energy resistance 1, electricity
resistance, torment resistance 1, petrification resistance
a: no special abilities


You were on level 3 of the Dungeon.
You visited 1 branch of the dungeon, and saw 3 of its levels.

You collected 131 gold pieces.
You spent 123 gold pieces at shops.


Innate Abilities, Weirdness & Mutations

You are immune to sickness and miasma.
Your stone body is resilient. (AC +4)
You are immune to poison.
You resist negative energy. (rN+)
You are resistant to electric shocks. (rElec)
You are resistant to unholy torment.
You are immune to petrification.


   Skills:
 - Level 4.0 Fighting
 + Level 5.5 Axes
 - Level 1.9 Throwing
 - Level 3.2 Armour
 - Level 3.3 Dodging
 - Level 3.2 Shields


You had 6 spell levels left.
You didn't know any spells.
Your spell library was empty.

Inventory:

Hand Weapons
 j - a +1 spectral club
 Y - a +1 war axe of electrocution (weapon)
Armour
 b - a +0 scale mail (worn)
 c - a +0 buckler (worn)
 h - a +3 ring mail
 m - a +0 cloak (worn)
 q - a +1 cloak
 r - a +0 chain mail
Jewellery
 e - a ring of see invisible (left hand)
 p - an amulet of reflection
Scrolls
 g - 2 scrolls of identify
 o - a scroll of teleportation {unknown}
Potions
 a - 2 potions of magic {unknown}
 d - 4 potions of might
 f - a potion of mutation {unknown}
 i - a potion of enlightenment {unknown}
 k - a potion of lignification {unknown}
 n - a potion of heal wounds {unknown}

Dungeon Overview and Level Annotations

Branches:
Dungeon (3/15)

Altars:

Shops:
D:3 *

Annotations:
D:3 Robin


Message History

Lightning courses through the goblin!
You kill the goblin!
You hit the goblin. Robin closely misses you.
The goblin hits you but does no damage. The goblin closely misses you.
You slash the goblin!
You kill the goblin!
You barely miss the goblin.
Robin hits you from afar with a +0 spear of distortion.
Space warps around you. The goblin hits you but does no damage.
The goblin closely misses you.
Robin hits you from afar with a +0 spear of distortion.
Space warps horribly around you!
You hit the goblin.
The goblin is heavily wounded.
Robin laughs in a distinctly smug fashion.
Robin hits you from afar with a +0 spear of distortion.
Space warps around you. The goblin hits you but does no damage.
You hit the goblin. Lightning courses through the goblin!!
You kill the goblin!
You block Robin's attack.
You slash the hobgoblin!
You kill the hobgoblin!
Robin closely misses you.
You slash the hobgoblin!
You kill the hobgoblin!
Robin completely misses you. Robin hits you but does no damage.
Space warps horribly around you! Robin barely misses you.
Items here: %%%%% )))).
Enter note:
Enter note:
Enter note:
Enter note:
Enter note:
Enter note: You hit Robin.
Robin is lightly wounded.
Robin hits you but does no damage. Space warps horribly around you!
You die...

#.....>................).).....
#.....).#.##.#.#.#.#.###.###...
######..#.##.#.#.#.#.# #.# ###.
#..#.##.#.#.#.#.# #.# ##.
#..#.##.#.#.#.#.# #.# ...
#..#.# .#.#.#.#.# #.# #...
#..... #)#.#...# #.#.....
#....####.#.##### #.#.#...
#.......)@# #.####
#........g....# . ..
#................ ..
##..........### .. #..........#
## #..........# #.........(#
#########...


You could see Robin.

Vanquished Creatures
  Grinder (D:3)
  Sigmund (D:3)
  An ogre (D:3)
  Jessica (D:2)
  Terence (D:2)
  2 adders (D:2)
  7 gnolls
  A dart slug (D:1)
  A worm (D:2)
  An orc (D:3)
  2 ball pythons
  6 bats
  An endoplasm (D:2)
  4 giant cockroaches
  14 goblins
  5 hobgoblins
  11 jackals
  2 kobolds (D:1)
  4 quokkas
  6 frilled lizards
  2 rats
74 creatures vanquished.

Notes
Turn   | Place    | Note
-------+----------+-------------------------------------------
     0 | D:1      | qw the Gargoyle Fighter began the quest for the Orb.
     0 | D:1      | Reached XP level 1. HP: 14/14 MP: 1/1
     0 | D:1      | 0 ||| qw: Version: 0.3-a-7-ge0c9b40
     0 | D:1      | 0 ||| qw: Game counter: 743
     0 | D:1      | 0 ||| qw: Always use a shield: true
     0 | D:1      | 0 ||| qw: God list: Okawaru
     0 | D:1      | 0 ||| qw: Allow faded altars: false
     0 | D:1      | 0 ||| qw: Do Orc after D:15 true
     0 | D:1      | 0 ||| qw: Do second Lair branch before Depths: true
     0 | D:1      | 0 ||| qw: Lair rune preference: random
     0 | D:1      | 0 ||| qw: Plans: Normal, Zot:1-4, Slime:5, God:TSO, Crypt,
                  | Tomb, Abyss, Pan, Hells, Win
     0 | D:1      | 0 ||| PLANNING D:1-11
    38 | D:1      | Reached skill level 2 in Axes
   233 | D:1      | Reached XP level 2. HP: 19/19 MP: 2/2
   581 | D:1      | 581 ||| Stepping ~*~*~tactically~*~*~ (stealth).
   582 | D:1      | 582 ||| Stepping ~*~*~tactically~*~*~ (stealth).
   595 | D:1      | Reached skill level 3 in Axes
   730 | D:1      | Reached XP level 3. HP: 20/23 MP: 3/3
   893 | D:1      | 893 ||| UPGRADING to +0 cloak.
   898 | D:1      | 898 ||| READING scroll labelled QEITON GOCISHA.
   899 | D:1      | 899 ||| READING scroll labelled RYBREXKELY.
   900 | D:1      | 900 ||| READING scroll labelled MEPIGOJ ROHOPH.
   901 | D:1      | 901 ||| READING scroll labelled MUMEUN RIHUI.
   902 | D:1      | 902 ||| READING scroll labelled POCOT WA JYAG.
  1267 | D:2      | Noticed Jessica
  1271 | D:2      | Killed Jessica
  1272 | D:2      | Reached skill level 1 in Throwing
  1272 | D:2      | Reached XP level 4. HP: 24/28 MP: 4/4
  1291 | D:2      | 1291 ||| DROPPING +0 club.
  1307 | D:2      | Noticed Terence
  1317 | D:2      | HP: 4/28 [Terence/+0 falchion (6)]
  1320 | D:2      | HP: 1/28 [Terence/+0 falchion (2)]
  1321 | D:2      | Killed Terence
  1637 | D:2      | 1637 ||| Stepping ~*~*~tactically~*~*~ (stealth).
  1792 | D:2      | 1792 ||| UPGRADING to ring of see invisible.
  1793 | D:2      | 1793 ||| READING scroll labelled GOUP WOBENWOTZ.
  1839 | D:3      | 1839 ||| STAIRDANCE
  1847 | D:2      | Reached skill level 4 in Axes
  1847 | D:2      | Reached XP level 5. HP: 24/32 MP: 5/5
  1883 | D:3      | 1883 ||| STAIRDANCE
  1985 | D:3      | Found Weeraw's General Store.
  2003 | D:3      | 2003 ||| BUYING scroll of enchant weapon (97 gold).
  2003 | D:3      | Bought a scroll of enchant weapon for 97 gold pieces
  2003 | D:3      | 2003 ||| BUYING scroll of identify (26 gold).
  2003 | D:3      | Bought a scroll of identify for 26 gold pieces
  2003 | D:3      | 2003 ||| READING scroll of enchant weapon.
  2003 | D:3      | 2003 ||| ENCHANTING +0 war axe of electrocution.
  2032 | D:3      | Noticed Sigmund
  2040 | D:3      | Killed Sigmund
  2041 | D:3      | Reached skill level 5 in Axes
  2041 | D:3      | Reached XP level 6. HP: 37/37 MP: 6/6
  2043 | D:3      | 2043 ||| Stepping ~*~*~tactically~*~*~ (stealth).
  2224 | D:3      | Noticed Grinder
  2233 | D:3      | Killed Grinder
  2234 | D:3      | Reached skill level 3 in Dodging
  2234 | D:3      | Reached XP level 7. HP: 37/43 MP: 7/7
  2345 | D:3      | 2345 ||| Stepping ~*~*~tactically~*~*~ (stealth).
  2347 | D:3      | Noticed Robin
  2360 | D:3      | HP: 3/43 [Robin/+0 spear of distortion (12)]
  2362 | D:3      | Mangled by Robin

Levels and vault maps discovered:
D:1:      giann_forest_graveyard, layout_basic, minivault_5
D:2:      wad_pebble_path, layout_loops_cross, kennysheep_donut, uniq_terence,
          uniq_jessica
D:3:      layout_basic, gammafunk_ghost_abyssal_escape, serial_shops, shop,
          uniq_robin, uniq_grinder, uniq_sigmund

Skill      XL: |  1  2  3  4  5  6 |
---------------+-------------------+-----
Axes           | 2 3 4 5 |  5.5
Throwing       | 1 |  1.9
Fighting       | 4 |  4.0
Dodging        | 3 |  3.3
Armour         | |  3.2
Shields        | |  3.2

Action                     |  1- 3 |  4- 6 |  7- 9 || total
---------------------------+-------+-------+-------++-------
  Melee: War axe           |    77 |    85 |    14 ||   176
  Throw: Javelin           |     7 |    21 |     3 ||    31
    Use: Scroll            |     5 |     2 |       ||     7
 Armour: Scale mail        |    51 |    48 |    12 ||   111
  Dodge: Dodged            |    41 |    53 |    11 ||   105
  Block: Buckler           |    14 |    18 |     2 ||    34

Table legend:
 A = Non-vault XP
 B = Vault XP
 C = Vault XP percentage of total XP
 D = Non-vault monster count
 E = Vault monster count
 F = Vault count percentage of total count
                 A         B        C        D         E       F
            +---------+---------+-------+---------+---------+-------
      Total |     327 |     589 |  64.3 |      58 |      16 |  21.6
            +---------+---------+-------+---------+---------+-------
        D:1 |      40 |       0 |   0.0 |      19 |       0 |   0.0
        D:2 |      75 |      69 |  47.9 |      24 |       2 |   7.7
        D:3 |     212 |     520 |  71.0 |      15 |      14 |  48.3
            +---------+---------+-------+---------+---------+-------
